 Dungeon Crawl Stone Soup version 0.29-a0-96-g93358da72b (webtiles) character file.

Game seed: 15618514589466764560

203 Sweetruy1997 the Slasher (level 5, -1/42 HPs)
             Began as a Demonspawn Chaos Knight on Feb 13, 2022.
             Was a Plaything of Xom.
             Slain by an ogre (8 damage)
             ... on level 5 of the Dungeon.
             The game lasted 00:10:02 (3531 turns).

Sweetruy1997 the Slasher (Demonspawn Chaos Knight)  Turns: 3531, Time: 00:10:03

Health: -1/42      AC: 12    Str: 13    XL:     5   Next: 51%
Magic:  5/5        EV:  6    Int: 13    God:    Xom [*.....]
Gold:   175        SH:  0    Dex: 14    Spells: 3/4 levels left

rFire   . . .      SeeInvis .   a - +2 falchion (chaos)
rCold   + . .      Faith    .   (no shield)
rNeg    . . .      Spirit   .   j - +2 chain mail {rC+}
rPois   .          Reflect  .   (no helmet)
rElec   .          Harm     .   f - +0 cloak
rCorr   .          Rampage  .   (no gloves)
Will    .....                   (no boots)
Stlth   ..........              (no amulet)
HPRegen 0.14/turn               (no ring)
MPRegen 0.09/turn               (no ring)

@: brilliant
A: demonic touch 1
a: Renounce Religion


You were on level 5 of the Dungeon.
You worshipped Xom.
You were a special plaything of Xom.
You visited 1 branch of the dungeon, and saw 5 of its levels.

You collected 175 gold pieces.

Inventory:

Hand Weapons
 a - a +2 falchion of chaos (weapon)
Missiles
 e - 5 boomerangs (quivered)
Armour
 f - a +0 cloak (worn)
 j - a +2 chain mail of cold resistance (worn)
Scrolls
 b - 2 scrolls of fear
 d - a scroll of blinking
 i - a scroll of enchant armour {unknown}
 l - a scroll of vulnerability {unknown}
 n - a scroll of torment {unknown}
Potions
 c - a potion of curing
 h - a potion of heal wounds {unknown}
 m - 3 potions of lignification {unknown}


   Skills:
 + Level 4.1 Fighting
 + Level 4.1 Long Blades
 + Level 2.7 Armour
 + Level 1.6 Dodging
 + Level 0.6 Stealth


You had 3 spell levels left.
You knew the following spells:

 Your Spells              Type           Power      Damage    Failure   Level
a - Apportation           Tloc           0%         N/A       100%        1

Your spell library contained the following spells:

 Spells                   Type           Power      Damage    Failure   Level
 Ozocubu's Armour         Ice            0%         N/A       100%        3
 Alistair's Intoxication  Tmut/Pois      0%         N/A       100%        5
 Ozocubu's Refrigeration  Ice            0%         4d5       100%        7


Dungeon Overview and Level Annotations

Branches:
Dungeon (5/15)
 Temple: D:4-7

Altars:
Cheibriados
Xom

Annotations:
D:5 Dowan, Duvessa


Innate Abilities, Weirdness & Mutations

Your touch may inflict minor irresistible damage on your foes.


Message History

Your white imp gestures at the hound.
The puff of frost misses the hound.
The adder bites you but does no damage. Something bites your white imp.
The ogre closely misses your white imp.
You hit the adder. You freeze the adder.
The adder is moderately wounded.
The adder bites you but does no damage.
Your white imp gestures at the adder.
The puff of frost hits the adder.
Something hits your white imp!!
Your white imp dies!
Your white imp degenerates into a cloud of primal chaos!
The adder bites you but does no damage.
You barely miss the adder. Your touch misses the adder.
The adder is heavily wounded.
The adder barely misses you.
You closely miss the adder. Your touch misses the adder.
The adder is heavily wounded.
The adder bites you but does no damage.
The ogre is engulfed in seething chaos.
The ogre seems to grow stronger.
The adder bites you but does no damage.
You closely miss the adder. Your touch misses the adder.
The adder is heavily wounded.
The adder bites you but does no damage.
You hit the adder.
The adder seems to slow down.
You freeze the adder.
The adder is almost dead.
The adder bites you.
You miss the adder.
You touch the adder.
You kill the adder!
You barely miss the ogre.
You touch the ogre.
The ogre is moderately wounded.
The ogre closely misses you.
You hit the ogre. You burn the ogre.
The ogre is severely wounded.
Xom makes a sudden noise!
You hear a hideous shriek!
The ogre hits you with a +0 giant club!!
* * * LOW HITPOINT WARNING * * *
You hit the ogre. You freeze the ogre.
The ogre is almost dead.
The ogre hits you with a +0 giant club!
You die...
Xom giggles madly!

#.......#.....#.#
#.......#..$.....
#...?<..#.....#
#.....e.#.....#
#......O..e#
#.......##e#
#.......##h#
####.e...#O#
##.##.#@# #.#
.#.# #. ....
....# ######


You could see Duvessa, an ogre (strong), Dowan and a hound.

Vanquished Creatures
  Natasha (twice) (D:2)
  4 gnolls (D:2)
  3 adders
  A river rat (D:3)
  2 worms (D:2)
  5 orcs (D:3)
  5 ball pythons
  6 bats
  4 endoplasms
  3 giant cockroaches
  2 hobgoblins (D:2)
  8 jackals
  6 quokkas
  2 frilled lizards
  2 goblins (D:1)
  3 kobolds
  10 rats
68 creatures vanquished.

Vanquished Creatures (collateral kills)
  A dart slug (D:1)
1 creature vanquished.

Vanquished Creatures (others)
  An orc wizard (D:3)
1 creature vanquished.

Grand Total: 70 creatures vanquished

Notes
Turn   | Place    | Note
-------+----------+-------------------------------------------
     0 | D:1      | Sweetruy1997 the Demonspawn Chaos Knight began the quest
                  | for the Orb.
     0 | D:1      | Reached XP level 1. HP: 18/18 MP: 1/1
    91 | D:1      | XOM: silly message
   175 | D:1      | XOM: god gift: 35 gold pieces
   176 | D:1      | XOM: summons 1 friendly demon
   182 | D:1      | Gained mutation: Your touch may inflict minor irresistible
                  | damage on your foes. [demonic ancestry]
   182 | D:1      | Reached XP level 2. HP: 13/24 MP: 2/2
   207 | D:1      | XOM: scenery: 2 doors open
   376 | D:1      | XOM: cast spell 'Olgreb's Toxic Radiance'
   522 | D:1      | XOM: cloud trail
   568 | D:1      | XOM: god gift: 4 atropa-tipped darts
   627 | D:1      | Reached XP level 3. HP: 24/29 MP: 3/3
   782 | D:1      | You fall into a shaft and drop 1 floor!
   782 | D:2      | Found a snail-covered altar of Cheibriados.
  1270 | D:2      | XOM: scenery: summon butterflies
  1301 | D:2      | Reached skill level 1 in Dodging
  1327 | D:2      | XOM: divination: detect items
  1396 | D:2      | XOM: scenery: create altars
  1456 | D:2      | Noticed Natasha
  1464 | D:2      | Killed Natasha
  1465 | D:2      | Reached XP level 4. HP: 14/37 MP: 4/4
  1741 | D:2      | XOM: 1-stop teleportation journey
  1761 | D:2      | Noticed Natasha
  1768 | D:2      | Killed Natasha
  2172 | D:2      | XOM: god gift: chain mail {god gift}
  2179 | D:2      | Reached XP level 5. HP: 12/42 MP: 5/5
  2667 | D:2      | Learned a level 1 spell: Apportation
  2789 | D:2      | XOM: 5-stop teleportation journey
  2948 | D:2      | XOM: summons 3 hostile shadow creatures
  3082 | D:3      | Found a faded altar of an unknown god.
  3082 | D:3      | XOM: 7-stop teleportation journey
  3216 | D:3      | Noticed a glowing shapeshifter
  3216 | D:3      | an orc changed into a glowing shapeshifter
  3216 | D:3      | Noticed an anaconda
  3216 | D:3      | a glowing shapeshifter changed into an anaconda
  3217 | D:3      | Noticed a glowing orange brain
  3217 | D:3      | an anaconda changed into a glowing orange brain
  3218 | D:3      | Noticed a snapping turtle
  3218 | D:3      | a glowing orange brain changed into a snapping turtle
  3219 | D:3      | Noticed a shining eye
  3219 | D:3      | a snapping turtle changed into a shining eye
  3221 | D:3      | Noticed a swamp dragon
  3221 | D:3      | a shining eye changed into a swamp dragon
  3224 | D:3      | Noticed a mana viper
  3295 | D:3      | XOM: polymorph rat -> river rat
  3471 | D:3      | Noticed a meliai
  3472 | D:3      | XOM: summons 3 hostile demons
  3472 | D:3      | Noticed a troll
  3472 | D:3      | a meliai changed into a troll
  3477 | D:3      | Noticed a yak
  3477 | D:3      | XOM: divine lightning
  3480 | D:3      | Noticed a black mamba
  3480 | D:3      | a yak changed into a black mamba
  3482 | D:3      | Noticed a fire crab
  3482 | D:3      | a black mamba changed into a fire crab
  3483 | D:3      | Noticed a mana viper
  3483 | D:3      | a fire crab changed into a mana viper
  3485 | D:3      | Noticed an elephant
  3485 | D:3      | a mana viper changed into an elephant
  3490 | D:3      | XOM: enchant monster (bad)
  3497 | D:3      | Noticed a swamp worm
  3499 | D:3      | XOM: confusion
  3499 | D:3      | Noticed a faun
  3499 | D:3      | a swamp worm changed into a faun
  3502 | D:3      | XOM: polymorph ufetubus -> quasit
  3502 | D:3      | Noticed a moth of wrath
  3502 | D:3      | a faun changed into a moth of wrath
  3506 | D:3      | XOM: polymorph quasit -> crimson imp
  3507 | D:3      | Noticed a dream sheep
  3507 | D:3      | a moth of wrath changed into a dream sheep
  3508 | D:4      | Noticed an ogre
  3510 | D:4      | XOM: potion effect (brilliance)
  3514 | D:5      | Entered Level 5 of the Dungeon
  3514 | D:5      | Noticed Duvessa
  3514 | D:5      | Noticed Dowan
  3516 | D:5      | XOM: summons friendly white imp
  3529 | D:5      | XOM: noise
  3531 | D:5      | Slain by an ogre

Illustrated notes

Levels and vault maps discovered:
D:1:      erik_arrival_blinker_ship, layout_basic
D:2:      minmay_angry_zag, layout_loops_corners, basic_altar,
          minmay_misc_feat_four_crosses, kennysheep_donut, uniq_natasha
D:3:      layout_basic, hellmonk_ecumenical_altar_run_dry, uniq_terence
D:4:      layout_cave_pools
D:5:      layout_loops_cross, grunt_temple_overflow_holy_war,
          minmay_temple_entry_ruins, uniq_ijyb, uniq_duvessa, uniq_eustachio,
          uniq_pikel

Skill      XL: |  1  2  3  4  5 |
---------------+----------------+-----
Long Blades    | 3 4 |  4.1
Armour         | 2 |  2.7
Dodging        | 1 |  1.6
Fighting       | 4 |  4.1
Stealth        | |  0.6

Action                   |  1- 3 |  4- 6 || total
-------------------------+-------+-------++-------
Melee: Falchion          |    90 |   122 ||   212
       Touch             |    10 |    14 ||    24
       Punch             |     2 |     2 ||     4
Throw: Boomerang         |       |     4 ||     4
  Use: Scroll            |       |     7 ||     7
       Potion            |       |     1 ||     1
 Stab: Sleeping          |     1 |       ||     1
Armor: Leather armour    |    28 |       ||    28
       Chain mail        |    11 |   137 ||   148
Dodge: Dodged            |    64 |    69 ||   133

Table legend: (Time is in decaauts)
 A = Elapsed time spent in this place.
 B = Non-inter-level travel time spent in this place.
 C = Inter-level travel time spent in this place.
 D = Time resting spent in this place.
 E = Time spent auto-exploring this place.
 F = Levels seen in this place.
 G = Mean time per level.
                   A        B        C        D        E       F      G
               +--------+--------+--------+--------+--------+-----+--------+
         Total |   3563 |   3451 |    112 |    488 |   2317 |   5 |  712.6 |
       Dungeon |   3563 |   3451 |    112 |    488 |   2317 |   5 |  712.6 |
               +--------+--------+--------+--------+--------+-----+--------+

Top non-repeatable levels by time:
     D:2: 1560 daAuts
     D:1: 1479 daAuts
     D:3: 499 daAuts
     D:5: 17 daAuts
     D:4: 6 daAuts
